 Dungeon Crawl Stone Soup version 0.18.1-50-g88ac8fd (webtiles) character file.

77 Gorglomux the Skirmisher (level 4, -2/49 HPs)
             Began as an Ogre Hunter on Oct 30, 2016.
             Killed from afar by an orc wizard (6 damage)
             ... with a magic dart
             ... on level 3 of the Dungeon.
             The game lasted 00:07:45 (2252 turns).

Gorglomux the Skirmisher (Ogre Hunter)              Turns: 2252, Time: 00:07:46

Health: -2/49      AC:  3    Str: 18    XL:     4   Next: 33%
Magic:  4/4        EV: 10    Int: 10    God:
Gold:   137        SH:  0    Dex: 10    Spells: 0 memorised, 3 levels left

rFire  . . .     SeeInvis .     a - +0 short sword
rCold  . . .     Gourm    .     b - +0 robe
rNeg   . . .     Faith    .     (no shield)
rPois  .         Spirit   .     (helmet restricted)
rElec  .         Dismiss  .     (no cloak)
rCorr  .         Reflect  .     (gloves unavailable)
SustAt .         Harm     .     (boots unavailable)
MR     .....                    (no amulet)
Stlth  +.........               (no ring)
                                (no ring)

@: not resistant to hostile enchantments, very unstealthy
A: unfitting armour, tough skin 1
a: no special abilities


You were on level 3 of the Dungeon.
You were not hungry.

You visited 1 branch of the dungeon, and saw 3 of its levels.

You collected 137 gold pieces.

Inventory:

Hand Weapons
 a - a +0 short sword (weapon)
Missiles
 i - 16 poisoned needles
 n - 173 stones (quivered)
Armour
 b - a +0 robe (worn)
Jewellery
 t - an uncursed ring of fire {unknown}
Wands
 u - a wand of lightning (6/15)
Scrolls
 e - a scroll of recharging {unknown}
 j - 3 scrolls of identify {unknown}
 k - 4 scrolls of remove curse {unknown}
 l - a scroll of teleportation {unknown}
 s - 2 scrolls of amnesia {unknown}
 w - a scroll of immolation {unknown}
 x - a scroll of random uselessness {unknown}
Potions
 g - a potion of agility {unknown}
 h - a potion of flight {unknown}
 m - a potion of might {unknown}
 q - a potion of curing {unknown}
 r - a potion of brilliance {unknown}
Books
 p - a book of Misfortune

   Spells                             Type                      Level
   a - Confusing Touch                Hexes                        2
   b - Confuse                        Hexes                        3
   c - Gell's Gravitas                Hexes/Translocation          3
   d - Petrify                        Transmutation/Earth          4
   e - Metabolic Englaciation         Hexes/Ice                    5
   f - Yara's Violent Unravelling     Hexes/Transmutation          5
 v - a book of Conjurations

   Spells                             Type                      Level
   a - Magic Dart                     Conjuration                  1
   b - Searing Ray                    Conjuration                  2
   c - Dazzling Spray                 Conjuration/Hexes            3
   d - Fulminant Prism                Conjuration/Hexes            4
   e - Iskenderun's Mystic Blast      Conjuration                  4
   f - Iskenderun's Battlesphere      Conjuration/Charms           5
Comestibles
 f - 3 bread rations
 o - a beef jerky


   Skills:
 + Level 4.8 Fighting
 + Level 4.7 Throwing
 - Level 1.7 Dodging
 - Level 0.7 Stealth
 * Level 0.2 Spellcasting


You had 3 spell levels left.
You didn't know any spells.

Dungeon Overview and Level Annotations

Branches:
Dungeon (3/15)

Altars:
Elyvilon
Yredelemnul


Innate Abilities, Weirdness & Mutations

You are too large for most types of armour.
You have tough skin (AC +1).


Message History

Evoking this partially-identified wand wasted a few charges.
You hear a shout! x3
The orc wizard hits you with a dagger.
* * * LOW HITPOINT WARNING * * *
The orc wizard hits you but does no damage.
Evoke which item? (* to show all) (? for menu, Esc to quit)
Zapping:
u - a wand of lightning {zapped: 3} (will waste charges)
Press: ? - help, Shift-Dir - straight line You hear a mighty clap of thunder!
The bolt of lightning hits the orc wizard.
The orc wizard is heavily wounded.
The bolt of lightning hits the withered plant.
The withered plant is moderately damaged.
Evoking this partially-identified wand wasted a few charges.
You hear a shout! x2
The orc wizard hits you with a dagger.
* * * LOW HITPOINT WARNING * * *
The orc wizard gestures at you while chanting.
The magic dart hits you!
You die...

#...## .. #..#.. .o ##.#..
.. #.#.# #. ##.#.. #. #
#..#.. #. .# #..#..
######(######.#######..#..
.(.....(o@.)...........#..
.......P.P.............#..
#####..._..#.########..#.#
#.).P.P.#.# #.(#..
#.......#.# #..#..
#....#.##.########..)##
#.#.##.#...##(.........
#..< #...>.............
### ###...##.#####.##.


You could see an orc wizard.

Vanquished Creatures
  3 adders
  An ooze (D:2)
  3 dart slugs (D:2)
  A giant gecko (D:3)
  A giant cockroach (D:2)
  4 goblins
  7 hobgoblins
  8 kobolds
  A quokka (D:3)
  6 bats
  2 giant newts (D:2)
  4 rats
41 creatures vanquished.

Notes
Turn   | Place    | Note
--------------------------------------------------------------
     0 | D:1      | Gorglomux the Ogre Hunter began the quest for the Orb.
     0 | D:1      | Reached XP level 1. HP: 22/22 MP: 1/1
   326 | D:1      | Reached XP level 2. HP: 25/31 MP: 2/2
   961 | D:2      | Reached XP level 3. HP: 13/39 MP: 3/3
  1626 | D:2      | Reached XP level 4. HP: 35/49 MP: 4/4
  1969 | D:3      | Found a white marble altar of Elyvilon.
  2215 | D:3      | Found a basalt altar of Yredelemnul.
  2252 | D:3      | Killed from afar by an orc wizard

Skill      XL: |  1  2 |
---------------+-------+-----
Fighting       | 3 4 |  4.8
Throwing       | |  4.7
Dodging        | |  1.7
Stealth        | |  0.7
Spellcasting   | |  0.2

Action                   |  1- 3 |  4- 6 || total
-------------------------+-------+-------++-------
Melee: Short sword       |   109 |    46 ||   155
Throw: Stone             |    33 |    26 ||    59
       Large rock        |    11 |     5 ||    16
       Throwing net      |     2 |     2 ||     4
Evoke: Wand              |       |     2 ||     2
  Eat: Chunk             |     2 |     2 ||     4
Armor: Robe              |    51 |    15 ||    66
Dodge: Dodged            |    81 |    35 ||   116
